 Dungeon Crawl Stone Soup version 0.31-a0-1496-g79c7dd0eeb (webtiles) character file.

Game seed: 8018584956167398839

5324 inmateoo the Spear-Bearer (level 10, -2/88 HPs)
             Began as a Minotaur Gladiator on Dec 27, 2023.
             Was a Believer of Makhleb.
             Slain by a wyvern (3 damage)
             ... on level 8 of the Dungeon on Dec 29, 2023.
             The game lasted 00:07:22 (5287 turns).

inmateoo the Spear-Bearer (Minotaur Gladiator)      Turns: 5287, Time: 00:07:23

Health: -2/88      AC:  9    Str: 21    XL:     10   Next: 38%
Magic:  9/9        EV: 12    Int:  5    God:    Makhleb [**....]
Gold:   383        SH: 14    Dex: 14    Spells: 9/9 levels left

rFire   . . .        x - +10 war axe of Conscience {freeze, rElec Will- SInv}
rCold   . . .        u - +0 tower shield
rNeg    . . .        J - +0 acid dragon scales
rPois   .            c - +0 hat
rElec   +            (no cloak)
rCorr   +            p - +0 pair of gloves
SInv    +            (no boots)
Will    .....        D - amulet of regeneration
Stlth   +            (no ring)
HPRegen 1.14/turn    (no ring)
MPRegen 0.11/turn

%: no passive effects
@: lethally poisoned (-2 -> -3)
A: horns 2, retaliatory headbutt
a: Renounce Religion, Minor Destruction


You were on level 8 of the Dungeon.
You worshipped Makhleb.
Makhleb was pleased with you.
You visited 2 branches of the dungeon, and saw 9 of its levels.

You collected 383 gold pieces.

Inventory:

Hand Weapons
 a - a +0 trident
 x - the +10 war axe of Conscience (weapon) {freeze, rElec Will- SInv}
   (You found it on level 6 of the Dungeon)

   rElec:     It insulates you from electricity.
   Will-:     It decreases your willpower.
   SInv:      It lets you see invisible.
 I - a +1 broad axe of flaming
Missiles
 d - 4 throwing nets (quivered)
 e - a javelin
Armour
 c - a +0 hat (worn)
 k - +1 ice dragon scales
 p - a +0 pair of gloves (worn)
 u - a +0 tower shield (worn)
 J - +0 acid dragon scales (worn)
Jewellery
 D - an amulet of regeneration (around neck)
Wands
 s - a wand of charming (4)
 y - a wand of digging (12)
 K - a wand of roots (11)
Scrolls
 i - 2 scrolls of enchant weapon
 j - a scroll of silence
 v - 2 scrolls of immolation
 w - a scroll of fog
 A - a scroll of amnesia
 C - a scroll of enchant armour
 G - a scroll of teleportation
 H - a scroll of identify
Potions
 b - 3 potions of magic
 f - 2 potions of resistance
 l - a potion of might
 o - 3 potions of brilliance
 r - a potion of ambrosia {unknown}
 t - a potion of enlightenment {unknown}
 z - a potion of berserk rage {unknown}
 B - a potion of mutation {unknown}
 E - 2 potions of attraction {unknown}
 F - a potion of haste {unknown}


   Skills:
 + Level 8.2 Fighting
 * Level 4.3(8.2) Axes
 - Level 10.8(11.1) Polearms
 - Level 2.0 Throwing
 + Level 7.7 Armour
 + Level 7.8 Dodging
 + Level 6.0 Shields


You had 9 spell levels left.
You didn't know any spells.
Your spell library contained the following spells:

 Spells                   Type           Power      Damage    Failure   Level
 Magic Dart               Conj           0%         1d3       98%         1
 Summon Small Mammal      Summ           0%         N/A       98%         1
 Blink                    Tloc           0%         N/A       99%         2
 Call Imp                 Summ           0%         N/A       99%         2
 Call Canine Familiar     Summ           0%         N/A       100%        3
 Dazzling Flash           Conj/Hex       0%         N/A       100%        3
 Mephitic Cloud           Conj/Alch/Air  0%         N/A       100%        3
 Animate Armour           Summ/Erth      0%         N/A       100%        4
 Summon Blazeheart Golem  Fire/Summ      0%         N/A       100%        4
 Summon Lightning Spire   Summ/Air       0%         N/A       100%        4
 Curse of Agony           Necr           0%         N/A       100%        5
 Lee's Rapid Deconstruct  Erth           0%         3d4*      100%        5
 Silence                  Hex/Air        0%         N/A       100%        5


Dungeon Overview and Level Annotations

Branches:
Dungeon (8/15)             Temple (1/1) D:6
   Lair: D:8-11

Altars:
Ashenzari
Cheibriados
Dithmenos
Elyvilon
Fedhas
Kikubaaqudgha
Makhleb
Nemelex Xobeh
Okawaru
Qazlal
Sif Muna
Trog
Uskayaw
Vehumet
Wu Jian
Xom
Yredelemnul
Zin
The Shining One

Shops:
D:2 :

Annotations:
D:6 1 runed translucent door


Innate Abilities, Weirdness & Mutations

You have a pair of horns on your head.
You reflexively headbutt those who attack you in melee.


Message History

A wyvern comes into view.
The kobold shouts!
You hear an angry hiss.
You hear a shout!
A kobold comes into view. It is wielding a +0 short sword.
The kobold shouts! x2
The wyvern bites you but does no damage.
The kobold throws a poisoned dart.
You block the poisoned dart. You block the wyvern's attack.
You block the kobold's attack.
The wyvern bites you but does no damage.
The kobold throws a poisoned dart.
You block the poisoned dart. The wyvern closely misses you.
The wyvern attacks as it pursues you!
The wyvern bites you but does no damage.
The kobold throws a poisoned dart.
You block the poisoned dart. The wyvern bites you!
* * * LOW HITPOINT WARNING * * *
You completely miss the wyvern. You block the wyvern's attack.
The wyvern bites you!
* * * LOW HITPOINT WARNING * * *
The kobold throws a poisoned dart.
You block the poisoned dart. You block the wyvern's attack.
You slash the wyvern! You freeze the wyvern.
The wyvern is severely wounded.
The wyvern closely misses you. You furiously retaliate!
You headbutt the wyvern!
You kill the wyvern!
Makhleb accepts your kill.
The kobold throws a poisoned dart.
The poisoned dart hits you!
You are poisoned.
You block the wyvern's attack. The wyvern bites you!
* * * LOW HITPOINT WARNING * * *
You block the kobold's attack.
Your Shields skill increases to level 6!
It was a potion of cancellation.
Your magical effects are unravelling.
You feel magically purged.
You feel yourself speed up.
* * * LOW HITPOINT WARNING * * *
You feel very sick. The wyvern bites you.
You die...

#........#
+........#
###........#
........#.#
####..#.#.#.#
#..........#.#
+.......))..K#
#.......).)#k#
+..........#@#
#..........#K#
#.....Kk.$.#.#
#.....K....#$#
...........#.#
...........#.#
..........[#.#
...........#.#
..########.#.#


You could see a wyvern and 2 kobolds.

Vanquished Creatures
  Erica (D:8)
  The ghost of Shym the Cleaver, a novice HOMo (D:6)
  Joseph (D:6)
  Maggie (D:7)
  2 kobold demonologists (D:7)
  A yak (D:8)
  4 wyverns
  A water moccasin (D:5)
  2 black bears
  An ice beast (D:6)
  2 centaurs
  An ogre (D:5)
  2 phantoms
  4 kobold brigands
  4 bullfrogs
  A scorpion (D:4)
  5 killer bees
  2 howler monkeys (D:8)
  2 bombardier beetles
  3 jellies
  2 orc priests
  3 hounds
  5 orc wizards
  A sleepcap (D:5)
  2 iguanas (D:4)
  8 adders
  4 gnolls (D:3)
  2 shadow imps
  A white imp (D:5)
  2 worms
  6 dart slugs
  14 orcs
  12 ball pythons
  6 bats
  9 endoplasms
  7 giant cockroaches
  9 goblins
  4 hobgoblins
  2 jackals (D:1)
  23 kobolds
  5 quokkas
  2 frilled lizards
  6 rats
176 creatures vanquished.

Vanquished Creatures (others)
  An arcanist (D:6)
1 creature vanquished.

Grand Total: 177 creatures vanquished

Notes
Turn   | Place    | Note
-------+----------+-------------------------------------------
     0 | D:1      | inmateoo the Minotaur Gladiator began the quest for the
                  | Orb.
     0 | D:1      | Reached XP level 1. HP: 18/18 MP: 0/0
   149 | D:1      | Reached XP level 2. HP: 21/25 MP: 1/1
   151 | D:1      | Reached skill level 4 in Polearms
   267 | D:1      | Reached skill level 1 in Armour
   386 | D:1      | Reached XP level 3. HP: 30/30 MP: 2/2
   846 | D:2      | Reached XP level 4. HP: 38/38 MP: 3/3
   988 | D:2      | Found Ycvax's Book Boutique.
  1369 | D:3      | Reached skill level 5 in Polearms
  1381 | D:3      | Reached XP level 5. HP: 24/45 MP: 4/4
  1973 | D:3      | Upgraded the game from 0.31-a0-1447-g87ca8d402b to
                  | 0.31-a0-1496-g79c7dd0eeb
  2088 | D:4      | Noticed a black bear
  2096 | D:4      | Killed a black bear
  2097 | D:4      | Reached XP level 6. HP: 52/52 MP: 5/5
  2146 | D:4      | Reached skill level 6 in Polearms
  2754 | D:5      | Entered Level 5 of the Dungeon
  2987 | D:5      | Noticed a water moccasin
  2998 | D:5      | Killed a water moccasin
  2999 | D:5      | Reached skill level 5 in Dodging
  2999 | D:5      | Reached XP level 7. HP: 60/60 MP: 6/6
  3029 | D:5      | Reached skill level 7 in Polearms
  3144 | D:5      | Reached skill level 5 in Fighting
  3505 | D:6      | Found a blossoming altar of Fedhas.
  3512 | D:6      | Identified the +10 war axe of Conscience {freeze, rElec
                  | Will- SInv}
  3574 | D:6      | Identified the +1 short sword of the Charming Wasp {freeze,
                  | rC+ Dex+3}
  3744 | D:6      | Found a staircase to the Ecumenical Temple.
  3756 | D:6      | Reached skill level 1 in Shields
  3814 | D:6      | Reached skill level 8 in Polearms
  3814 | D:6      | Reached XP level 8. HP: 64/69 MP: 7/7
  3820 | Temple   | Entered the Ecumenical Temple
  3891 | Temple   | Became a worshipper of Makhleb the Destroyer
  3982 | D:6      | Found a runed translucent door.
  4048 | D:6      | Found a bloodstained altar of Trog.
  4049 | D:6      | Noticed a wizard
  4055 | D:6      | Killed a wizard
  4085 | D:6      | Reached skill level 5 in Armour
  4161 | D:6      | Noticed Shym's ghost (novice HOMo)
  4196 | D:6      | Found a runed translucent door.
  4209 | D:6      | Killed Shym's ghost
  4210 | D:6      | Reached skill level 9 in Polearms
  4383 | D:6      | Reached * piety under Makhleb
  4384 | D:6      | Reached XP level 9. HP: 77/78 MP: 8/8
  4458 | D:7      | Noticed Joseph
  4466 | D:6      | Killed Joseph
  4629 | D:7      | Reached skill level 10 in Polearms
  4689 | D:7      | Noticed a kobold demonologist
  4689 | D:7      | Noticed a kobold demonologist
  4700 | D:7      | Killed a kobold demonologist
  4701 | D:7      | Killed a kobold demonologist
  4702 | D:7      | Reached skill level 5 in Shields
  4865 | D:7      | Found a white marble altar of Elyvilon.
  4908 | D:7      | Noticed Maggie
  4924 | D:7      | Killed Maggie
  4925 | D:7      | Reached skill level 1 in Axes
  4987 | D:7      | Reached XP level 10. HP: 88/88 MP: 9/9
  5229 | D:8      | Noticed Erica
  5232 | D:8      | Reached ** piety under Makhleb
  5241 | D:8      | HP: 3/88 [wyvern (15)]
  5256 | D:8      | HP: 4/88 [Erica/+0 scimitar of flaming (1)]
  5261 | D:8      | HP: 6/132 [poisoned by Erica (bolt of poison)]
  5267 | D:8      | Killed Erica
  5267 | D:8      | HP: 4/132 [poisoned by Erica (bolt of poison)]
  5286 | D:8      | HP: 2/88 [wyvern (9)]
  5287 | D:8      | Slain by a wyvern

Illustrated notes

Levels and vault maps discovered:
D:1:      dpeg_arrival_houses_and_road, layout_basic
D:2:      layout_rooms, serial_shops, shop
D:3:      layout_loops_ring, reono_crystal_passage, dreamdust_princess_corridor
D:4:      layout_basic, chequers_serial_rivers_marsh
D:5:      layout_basic, grunt_decor_junction
D:6:      layout_cave_pools, fedhas_altar_3, trog_wizard,
          minmay_temple_entry_drinking_statues, ebering_ghost_sewer_f,
          kennysheep_generic_room_9
D:7:      layout_rooms, mainiacjoe_overflow_boulevard, uniq_maggie, uniq_joseph
D:8:      layout_basic, kennysheep_mini_moat,
          mainiacjoe_overflow_surrounded_room, david_lair_generic,
          enter_ossuary_4, uniq_maurice, uniq_erica
Temple:   minmay_temple_bridge_d

Skill      XL: |  1  2  3  4  5  6  7  8  9 10 |
---------------+-------------------------------+-----
Polearms       | 4 5 6 8 9 10 | 10.8
Armour         | 1 2 3 4 5 7 |  7.7
Fighting       | 3 4 5 6 7 8 |  8.2
Dodging        | 4 5 6 7 |  7.8
Shields        | 1 3 5 6 |  6.0
Axes           | 1 4 |  4.3
Throwing       | |  2.0

Action                     |  1- 3 |  4- 6 |  7- 9 | 10-12 || total
---------------------------+-------+-------+-------+-------++-------
  Melee: Trident           |    74 |   143 |    30 |       ||   247
         Headbutt          |     7 |    15 |    13 |     2 ||    37
         Punch             |     1 |     1 |       |       ||     2
         War axe           |       |       |   108 |    37 ||   145
  Evoke: Wand              |       |       |       |     1 ||     1
    Use: Scroll            |     4 |     9 |     4 |       ||    17
         Potion            |       |       |     1 |     9 ||    10
   Stab: Sleeping          |     1 |       |       |       ||     1
         Invisible         |       |       |     3 |       ||     3
 Armour: Leather armour    |    27 |       |       |       ||    27
         Ice dragon scales |    17 |    59 |   110 |       ||   186
         Acid dragon scale |       |       |       |    32 ||    32
         Skin              |       |       |       |    13 ||    13
  Dodge: Dodged            |    30 |    53 |    60 |    28 ||   171
  Block: Tower shield      |       |       |   101 |    62 ||   163

Table legend: (Time is in decaauts)
 A = Elapsed time spent in this place.
 B = Non-inter-level travel time spent in this place.
 C = Inter-level travel time spent in this place.
 D = Time resting spent in this place.
 E = Time spent auto-exploring this place.
 F = Levels seen in this place.
 G = Mean time per level.
                   A        B        C        D        E       F      G
               +--------+--------+--------+--------+--------+-----+--------+
         Total |   5410 |   5071 |    339 |    759 |   3121 |   9 |  601.1 |
       Dungeon |   5267 |   5069 |    198 |    759 |   3121 |   8 |  658.4 |
        Temple |    142 |      1 |    141 |      0 |      0 |   1 |  142.0 |
               +--------+--------+--------+--------+--------+-----+--------+

Top non-repeatable levels by time:
     D:6: 1029 daAuts
     D:3: 788 daAuts
     D:4: 745 daAuts
     D:5: 740 daAuts
     D:1: 718 daAuts
     D:7: 582 daAuts
     D:2: 517 daAuts
     D:8: 146 daAuts
  Temple: 142 daAuts
